Map: Dusk Towers

Players

LilDicky - Winner!

  • Race: Terran Terran
  • League: Diamond

KoomasiBlue

  • Race: Protoss Protoss
  • League: Diamond

VOD

http://www.twitch.tv/tumescentpie

Description

Time

  • Played on: Dec. 7, 2015, 8:54 p.m.
  • Length: 5:41
Show
View Real Time Build Order
Export as new Build Order

LilDicky Terran - Winner!

Build Orders: MMM Bio 

Get SALT Encoding   

  12  0:01  SCV  
  13  0:13  SCV  
  14  0:17  Supply Depot  
  14  0:25  SCV  
  15  0:30  Refinery  
  15  0:39  SCV  
  16  0:46  Barracks  
  16  0:51  SCV  
  17  1:03  SCV  
  18  1:15  SCV  
  19  1:33  Marine  
  19  1:34  Orbital Command  
  19  1:35  Supply Depot  
  20  1:41  Factory  
  20  1:50  Marine  
  21  2:01  SCV, Barracks  
  22  2:06  Barracks  
  22  2:12  Barracks Reactor, Refinery  
  22  2:21  SCV  
  23  2:35  SCV  
  24  2:42  Supply Depot  
  24  2:45  Widow Mine  
  24  2:49  SCV  
  24  2:50  Barracks Tech Lab  
  26  2:51  Marine  
  26  2:52  Marine  
  26  2:53  Barracks Tech Lab  
  28  3:01  SCV  
  29  3:13  SCV, Widow Mine  
  29  3:14  Stimpack  
  29  3:15  Combat Shields  
  29  3:16  Marine x3  
  35  3:27  Marine  
  35  3:34  Marine x2  
  36  3:38  Supply Depot  
  38  3:44  Starport  
  38  3:56  Marine  
  38  4:00  Marauder x2, Marine  
  44  4:04  Supply Depot  
  44  4:14  SCV, Marine  
  46  4:21  Supply Depot  
  46  4:24  Marauder  
  46  4:25  Medivac  
  46  4:26  Marauder  
  48  4:40  Concussive Shells  
  48  4:42  Marine  
  48  4:44  Marine  
  48  4:45  SCV, Marauder  
  53  4:47  Marauder  
  53  4:49  Supply Depot  
  55  5:10  Medivac, Marine  
  60  5:19  Marauder x2, Marine  
Show
View Real Time Build Order
Export as new Build Order

KoomasiBlue Protoss 

Build Orders: 1 Gate Expand 

Get SALT Encoding   

  12  0:01  Probe (Chrono Boost)  
  13  0:11  Probe (Chrono Boost)  
  14  0:17  Pylon  
  14  0:23  Probe (Chrono Boost)  
  16  0:35  Probe (Chrono Boost)  
  16  0:38  Gateway  
  16  0:46  Probe (Chrono Boost)  
  17  0:51  Assimilator  
  17  0:57  Probe (Chrono Boost)  
  18  1:16  Nexus  
  18  1:29  Cybernetics Core  
  18  1:30  Probe (Chrono Boost)  
  19  1:35  Assimilator  
  19  1:40  Probe (Chrono Boost)  
  19  1:44  Pylon  
  20  1:51  Probe (Chrono Boost)  
  21  2:02  Probe (Chrono Boost)  
  21  2:05  Stalker  
  24  2:13  Probe (Chrono Boost)  
  24  2:14  Warp Gate  
  25  2:23  Probe (Chrono Boost)  
  25  2:28  Probe (Chrono Boost)  
  27  2:34  Probe (Chrono Boost)  
  27  2:35  Stalker  
  30  2:40  Pylon  
  30  2:41  Probe (Chrono Boost)  
  31  2:48  Probe (Chrono Boost)  
  32  2:51  Probe (Chrono Boost)  
  33  2:59  Mothership Core (Chrono Boost)  
  33  3:02  Robotics Facility  
  33  3:03  Probe (Chrono Boost)  
  36  3:14  Probe (Chrono Boost)  
  36  3:15  Pylon  
  36  3:17  Probe (Chrono Boost)  
  38  3:25  Probe (Chrono Boost)  
  35  3:28  Probe (Chrono Boost)  
  36  3:35  Probe (Chrono Boost)  
  36  3:39  Probe (Chrono Boost)  
  38  3:52  Probe (Chrono Boost)  
  34  3:56  Probe (Chrono Boost)  
  34  3:57  Observer  
  36  4:03  Probe (Chrono Boost)  
  36  4:07  Probe (Chrono Boost)  
  38  4:14  Probe (Chrono Boost)  
  39  4:18  Probe (Chrono Boost)  
  38  4:24  Probe (Chrono Boost)  
  38  4:28  Probe (Chrono Boost)  
  37  4:32  Immortal  
  37  4:35  Probe (Chrono Boost)  
  42  4:39  Probe (Chrono Boost)  
  42  4:45  Probe (Chrono Boost)  
  44  4:46  Nexus  
  44  4:49  Pylon  
  44  4:51  Probe (Chrono Boost), Pylon  
  45  4:53  Pylon  
  45  4:55  Stalker, Pylon  
  45  4:57  Probe (Chrono Boost)  
  48  5:06  Probe (Chrono Boost)  
  49  5:08  Probe (Chrono Boost)  
  49  5:13  Observer  
  51  5:17  Probe (Chrono Boost)  
  52  5:26  Probe (Chrono Boost), Assimilator x2  
  53  5:30  Stalker  
  55  5:36  Gateway  
  55  5:39  Gateway  
Tags
 
Add a new tag
Caveats
  • Supply blocks, unpowered buildings, or Contaminate may cause inaccurate times.
  • Supply counts are checked every 10 seconds.